[Event "Titled Tuesday Blitz August 24 2021"]
[White "Ibadov, Dashgyn"]
[Black "Hasman, Cengiz"]
[WhiteFideId "24107514"]
[BlackFideId "413364"]
[WhiteElo "2102"]
[BlackElo "2020"]
[Result "1-0"]
[Round "11"]
[TimeControl "180+1"]
[Date "2021.08.24"]
[WhiteClock "0:00:13"]
[BlackClock "0:00:13"]

1. e4 d6 2. d4 Nf6 3. Nc3 Nbd7 4. Nf3 e5 5. Be2 Be7 6. O-O c6 7. Re1 b5 8. a3 Bb7 9. d5 cxd5 10. exd5 a6 11. Nh4 O-O 12. Nf5 Nb6 13. Bg5 Rc8 14. Bf3 Qd7 15. Nxe7+ Qxe7 16. Ne4 Kh8 17. Bxf6 gxf6 18. Ng3 Rg8 19. Be4 Rc4 20. Qh5 Rxe4 21. Nxe4 Bxd5 22. Rad1 f5 23. Qxf5 Rg6 24. g3 Be6 25. Qh5 Nd5 26. Qe2 f5 27. Nc3 Nf4 28. Qd2 Nh3+ 29. Kf1 Bc8 30. Nd5 Qf7 31. Ne3 f4 32. Qd5 Be6 33. Qxd6 fxe3 34. Qxe5+ Kg8 35. Rd8+ Qf8 36. Rxf8+ Kxf8 37. Rxe3 Bc4+ 38. Ke1 Re6 39. Qxe6 Bxe6 40. Rxe6 Kf7 41. Rxa6 Ng5 42. Ra7+ Kf6 43. a4 Nf3+ 44. Ke2 Nd4+ 45. Kd3 Nf5 46. axb5 Ke5 47. b6 Nd6 48. b7 Nxb7 49. Ra5+ Kd6 50. Rh5 Ke6 51. Rh6+ Kf5 52. Rxh7 Nc5+ 53. Kc4 Ne4 54. b4 Nd6+ 55. Kd5 Nb5 56. Kc5 Nc3 57. b5 Ne4+ 58. Kc6 Nxf2 59. b6 Ne4 60. b7 Kg6 61. Re7 Nc3 62. b8=Q Nd5 63. Qd6+ Kh5 64. Qxd5+ Kg4 65. Re4+ Kh3 66. g4 Kh4 67. g5+ Kh5 68. g6+ Kh6 69. g7 Kh7 70. g8=Q+ Kh6 71. Rh4# 1-0


[Site "https://www.chess.com"]

[Event "Titled Tuesday Blitz August 24 2021"]
[White "Ibarra Jerez, Jose Carlos"]
[Black "Shimelkov, Vasiliy"]
[WhiteFideId "2226332"]
[BlackFideId "13701630"]
[WhiteElo "2602"]
[BlackElo "2073"]
[Result "0-1"]
[Round "11"]
[TimeControl "180+1"]
[Date "2021.08.24"]
[WhiteClock "0:00:02"]
[BlackClock "0:00:07"]

1. g4 d5 2. Bg2 Bxg4 3. c4 Nf6 4. cxd5 Nxd5 5. Qb3 c6 6. Qxb7 Nb6 7. Nc3 Bc8 8. Bxc6+ Nxc6 9. Qxc6+ Bd7 10. Qe4 Rc8 11. Nf3 e6 12. Ne5 Be7 13. Rg1 Bf6 14. d4 Qe7 15. Bd2 O-O 16. Qg4 Bxe5 17. dxe5 g6 18. Bg5 Qc5 19. Bf6 Rfe8 20. Qf4 Nd5 21. Nxd5 exd5 22. Rg3 Be6 23. Rc3 Qf8 24. Rac1 h5 25. f3 Kh7 26. Rc7 Rxc7 27. Rxc7 a6 28. Qa4 Rc8 29. Qc6 Rxc7 30. Qxc7 Qc8 31. Qe7 Qc1+ 32. Kf2 Qh1 33. Qf8 Qxh2+ 34. Ke3 Qg1+ 35. Kd3 Qd1+ 36. Kc3 Qe1+ 37. Kd4 Qd2+ 38. Kc5 Qa5+ 39. Kc6 Qb5+ 40. Kc7 Qc4+ 41. Kb8 Qb5+ 42. Ka7 Qd7+ 43. Kxa6 Qc6+ 44. Ka5 Qc7+ 45. Kb4 Qc4+ 46. Ka3 Qa6+ 47. Kb4 Qc4+ 48. Ka5 Qc7+ 49. Kb5 Bd7+ 50. Kb4 Qc4+ 51. Ka5 Qc7+ 0-1


[Site "https://www.chess.com"]

[Event "Titled Tuesday Blitz August 24 2021"]
[White "Indjic, Aleksandar"]
[Black "Sadhwani, Raunak"]
[WhiteFideId "911925"]
[BlackFideId "35093487"]
[WhiteElo "2643"]
[BlackElo "2514"]
[Result "0-1"]
[Round "11"]
[TimeControl "180+1"]
[Date "2021.08.24"]
[WhiteClock "0:00:04"]
[BlackClock "0:00:19"]

1. d4 Nf6 2. c4 g6 3. Nc3 Bg7 4. Nf3 O-O 5. Bg5 d6 6. e3 c6 7. h3 Re8 8. Qc2 Nbd7 9. Be2 Nf8 10. Bh4 h6 11. O-O Bf5 12. e4 Bd7 13. e5 Nh5 14. Rad1 Nf4 15. Bg3 Nxe2+ 16. Qxe2 g5 17. h4 g4 18. Nd2 Bf5 19. Nde4 d5 20. cxd5 cxd5 21. Nc5 b6 22. Nd3 e6 23. Nf4 Rc8 24. Nh5 Ng6 25. Nxg7 Kxg7 26. h5 Nf8 27. f3 Qg5 28. Kf2 Qxh5 29. Rh1 Qg6 30. Rh4 Nd7 31. Rdh1 Rh8 32. fxg4 Bd3 33. Qd2 b5 34. a3 Nb6 35. Bf4 Nc4 36. Qc1 Kg8 37. Bxh6 f6 38. exf6 Qxf6+ 39. Qf4 Rxh6 40. Qxf6 Rxf6+ 41. Kg3 Kg7 42. Rh5 Bg6 43. R5h4 Nd6 44. Ne2 Ne4+ 45. Kh2 Rc2 46. Ng3 Rff2 47. Rg1 Nxg3 48. Kxg3 Rxb2 49. g5 Be4 50. Rh5 Kg6 51. Rh6+ Kxg5 52. Rh8 Rxg2+ 53. Rxg2 Rxg2+ 54. Kh3 Ra2 55. Rg8+ Kf4 56. Rb8 Bf5+ 57. Kh4 Rh2# 0-1


[Site "https://www.chess.com"]

[Event "Titled Tuesday Blitz August 24 2021"]
[White "Isajevsky, Anton"]
[Black "Hamley, Ryan"]
[WhiteFideId "4142500"]
[BlackFideId "30959497"]
[WhiteElo "2510"]
[BlackElo "2391"]
[Result "1-0"]
[Round "11"]
[TimeControl "180+1"]
[Date "2021.08.24"]
[WhiteClock "0:02:24"]
[BlackClock "0:02:52"]

1. c4 g6 2. h4 Bg7 3. h5 c5 4. Nc3 Nc6 5. d3 d6 6. Nf3 Bg4 7. h6 Bxc3+ 8. bxc3 Bxf3 9. gxf3 f5 10. Bg5 Nf6 11. f4 Qa5 12. Qd2 O-O 13. Bg2 e5 14. Rb1 Rab8 15. Bxf6 1-0


[Site "https://www.chess.com"]

[Event "Titled Tuesday Blitz August 24 2021"]
[White "Ivanov, Oleg"]
[Black "Gelman, Alexander"]
[WhiteFideId "4103114"]
[BlackFideId "4118316"]
[WhiteElo "2706"]
[BlackElo "2375"]
[Result "1/2-1/2"]
[Round "11"]
[TimeControl "180+1"]
[Date "2021.08.24"]
[WhiteClock "0:00:12"]
[BlackClock "0:00:06"]

1. e4 b6 2. d4 Bb7 3. Bd3 e6 4. Nf3 c5 5. Qe2 cxd4 6. Nxd4 a6 7. c4 Bc5 8. Nb3 Be7 9. Nc3 d6 10. Be3 Nd7 11. f4 Ngf6 12. O-O h5 13. h3 h4 14. Nd2 Nh5 15. Qf2 Ng3 16. Rfe1 Nf6 17. Rad1 Nd7 18. Nf1 Nxf1 19. Rxf1 O-O 20. b3 Bf6 21. Rc1 Nc5 22. Bb1 Bxc3 23. Bxc5 dxc5 24. Rxc3 Qe7 25. Rd1 Rad8 26. Re1 Rd4 27. Rce3 Rfd8 28. Kh2 e5 29. f5 Qg5 30. Bc2 Kf8 31. R1e2 b5 32. cxb5 axb5 33. a4 bxa4 34. bxa4 c4 35. Qe1 Kg8 36. Qb4 Qf4+ 37. Kg1 Rd1+ 38. Bxd1 Rxd1+ 39. Qe1 Rxe1+ 40. Rxe1 g5 41. fxg6 fxg6 42. a5 g5 43. Rf3 Qd2 44. Ref1 Bxe4 45. Rf8+ Kg7 46. R1f7+ Kg6 47. Rf6+ Kg7 48. R8f7+ Kh8 49. Rf8+ Kh7 50. R8f7+ Kg8 51. Rf8+ Kg7 52. R8f7+ Kg8 53. Rf8+ Kg7 1/2-1/2


[Site "https://www.chess.com"]

[Event "Titled Tuesday Blitz August 24 2021"]
[White "Jobava, Baadur"]
[Black "Rakhmanov, Aleksandr"]
[WhiteFideId "13601520"]
[BlackFideId "4173708"]
[WhiteElo "2748"]
[BlackElo "2498"]
[Result "1-0"]
[Round "11"]
[TimeControl "180+1"]
[Date "2021.08.24"]
[WhiteClock "0:00:31"]
[BlackClock "0:00:05"]

1. e4 c5 2. c4 Nc6 3. Ne2 e5 4. Nbc3 d6 5. g3 h5 6. h3 h4 7. g4 Nge7 8. d3 Ng6 9. Bg2 Be7 10. Nd5 O-O 11. Nxe7+ Qxe7 12. O-O Nd4 13. Nc3 Be6 14. f4 Nxf4 15. Bxf4 exf4 16. Rxf4 Qg5 17. Qd2 Rab8 18. Raf1 b5 19. b3 bxc4 20. dxc4 a5 21. Qf2 Qe5 22. Kh1 Nxb3 23. Nd5 Bxd5 24. exd5 Nd4 25. Rxf7 Rxf7 26. Qxf7+ Kh7 27. Qf2 Ne2 28. Qxh4+ Kg8 29. Rd1 Rf8 30. Qe1 Ng3+ 31. Kg1 Qf4 32. Rd3 Qc1 33. Qxc1 Ne2+ 34. Kh2 Nxc1 35. Ra3 Rf2 36. Rxa5 Ne2 37. h4 Kf7 38. Ra7+ Kf6 39. g5+ Kg6 40. Rd7 Kh5 41. Kh3 Nf4+ 42. Kg3 Rxg2+ 43. Kxf4 Rg4+ 44. Kf5 g6+ 45. Ke6 Rxc4 46. Rh7+ Kg4 47. Kxd6 Ra4 48. Kxc5 Rxa2 49. d6 Kf5 50. d7 Rd2 51. Kc6 Ke6 52. Kc7 1-0


[Site "https://www.chess.com"]

[Event "Titled Tuesday Blitz August 24 2021"]
[White "Kamsky, Gata"]
[Black "Biletskiy, Danylo"]
[WhiteFideId "2000024"]
[BlackFideId "14155419"]
[WhiteElo "2644"]
[BlackElo "2099"]
[Result "1/2-1/2"]
[Round "11"]
[TimeControl "180+1"]
[Date "2021.08.24"]
[WhiteClock "0:00:05"]
[BlackClock "0:00:34"]

1. e4 c5 2. Nc3 Nc6 3. Bc4 e6 4. a3 g6 5. Nf3 Bg7 6. Ba2 Nge7 7. O-O O-O 8. d3 d5 9. Re1 dxe4 10. Nxe4 b6 11. Bg5 Bxb2 12. c3 Bxa1 13. Qxa1 f5 14. Ng3 Qxd3 15. Rd1 Qc2 16. Rd2 Qa4 17. Qe1 c4 18. Ne5 Nxe5 19. Qxe5 Nc6 20. Qd6 Qb5 21. h4 Qc5 22. Qf4 Ba6 23. Bh6 e5 24. Qg5 Rfd8 25. Rxd8+ Rxd8 26. Nxf5 Rd1+ 27. Kh2 Qxf2 28. Ne3 Qg1+ 29. Kg3 Rd3 30. h5 Qe1+ 31. Kh2 Qxe3 32. Qxe3 Rxe3 33. Bxe3 gxh5 34. Bb1 Kf7 35. Bxh7 Kf6 36. Be4 Ne7 37. Bf2 Bc8 38. Bh4+ Kf7 39. Bg3 Bf5 40. Bf3 Ke6 41. Bxh5 Nd5 42. Be1 Ne3 43. a4 Nc2 44. Bd2 Kd5 45. Bf7+ Kc5 46. Kg3 b5 47. axb5 Kxb5 48. Kf3 a5 49. g4 Bd3 50. g5 a4 51. g6 Bxg6 52. Bxg6 a3 53. Bc1 a2 54. Bb2 a1=Q 55. Bxa1 Nxa1 56. Ke4 Nb3 57. Kxe5 Nc1 58. Be8+ Kc5 59. Ke4 Na2 60. Ke3 Nxc3 61. Kd2 Nd5 62. Bf7 Kd4 63. Bg8 c3+ 64. Kc2 Ne3+ 65. Kc1 Kd3 66. Bh7+ Kd4 67. Bg6 Nd5 68. Bh7 Nf4 69. Bf5 Ne2+ 70. Kd1 Ng3 71. Bg6 Nf1 72. Kc2 Ne3+ 73. Kb3 Nd5 74. Bh7 Nf4 75. Bf5 Ne2 76. Bh7 Ng3 77. Kc2 Nh5 78. Kb3 Nf4 79. Kc2 Ne6 80. Kb3 Nc5+ 81. Kc2 Nd7 82. Kb3 Nf6 83. Bg6 Ng4 84. Kc2 Ne3+ 85. Kb3 Nd5 86. Kc2 Nf4 87. Bh7 Kc4 88. Bg8+ Kb4 89. Bh7 Ne6 90. Bg6 Nd4+ 91. Kc1 Kb3 92. Bf7+ Kb4 93. Bg6 Nc6 94. Kc2 Ne5 95. Bh7 Kc4 96. Bg8+ Kd4 97. Bh7 Ng4 98. Kb3 Ne3 99. Bg6 1/2-1/2


[Site "https://www.chess.com"]

[Event "Titled Tuesday Blitz August 24 2021"]
[White "Karttunen, Mika"]
[Black "Tikhonov, Viacheslav"]
[WhiteFideId "502081"]
[BlackFideId "44196407"]
[WhiteElo "2343"]
[BlackElo "1773"]
[Result "0-1"]
[Round "11"]
[TimeControl "180+1"]
[Date "2021.08.24"]
[WhiteClock "0:00:03"]
[BlackClock "0:00:50"]

1. e4 e6 2. d4 d5 3. Nc3 Nf6 4. Bg5 Bb4 5. e5 h6 6. Bc1 Ne4 7. Qg4 g6 8. a3 Bxc3+ 9. bxc3 c5 10. Ne2 h5 11. Qf4 g5 12. Qe3 g4 13. h3 Kd7 14. Qf4 Nc6 15. hxg4 hxg4 16. Qxf7+ Ne7 17. Rxh8 Qxh8 18. dxc5 b6 19. c6+ Kd8 20. c7+ Kd7 21. Bf4 Ba6 22. Nd4 Bxf1 23. Qxe6+ Ke8 24. Nc6 Qh7 25. Nxe7 Qxe7 26. c8=Q+ Rxc8 27. Qxc8+ Kf7 28. Qf5+ Ke8 29. Qxg4 Qc5 30. Qe6+ Kd8 31. O-O-O Qxa3+ 32. Kb1 Nxc3# 0-1


[Site "https://www.chess.com"]

[Event "Titled Tuesday Blitz August 24 2021"]
[White "Khusnutdinov, Rustam"]
[Black "Praggnanandhaa R"]
[WhiteFideId "13701703"]
[BlackFideId "25059530"]
[WhiteElo "2571"]
[BlackElo "2555"]
[Result "1-0"]
[Round "11"]
[TimeControl "180+1"]
[Date "2021.08.24"]
[WhiteClock "0:00:31"]
[BlackClock "0:00:11"]

1. d4 Nf6 2. c4 g6 3. Nc3 Bg7 4. e4 d6 5. Nge2 Nc6 6. d5 Ne5 7. Ng3 c6 8. Be2 h5 9. h3 a6 10. f4 Ned7 11. Be3 O-O 12. O-O cxd5 13. cxd5 b5 14. a3 Bb7 15. Rc1 Rc8 16. Bd3 Re8 17. Bb1 Nb6 18. f5 Nc4 19. Bd4 Ne5 20. fxg6 fxg6 21. Nge2 Bh6 22. Nf4 Qd7 23. Bxe5 dxe5 24. Nxg6 Qd6 25. Nh4 Bxc1 26. Qxc1 Kf7 27. Qh6 Rh8 28. Qg6+ Kf8 29. Nf5 Qb6+ 30. Kh1 Rg8 31. Qh6+ Ke8 32. d6 Rxc3 33. bxc3 Nxe4 34. d7+ Kxd7 35. Qxb6 Nd6 36. Rf2 1-0


[Site "https://www.chess.com"]

[Event "Titled Tuesday Blitz August 24 2021"]
[White "Kim, Sergey"]
[Black "Firat, Burak"]
[WhiteFideId "13700570"]
[BlackFideId "6305881"]
[WhiteElo "2474"]
[BlackElo "2531"]
[Result "1-0"]
[Round "11"]
[TimeControl "180+1"]
[Date "2021.08.24"]
[WhiteClock "0:01:23"]
[BlackClock "0:01:30"]

1. d4 Nf6 2. c4 g6 3. Nc3 d5 4. cxd5 Nxd5 5. e4 Nxc3 6. bxc3 Bg7 7. Bc4 O-O 8. Ne2 Nc6 9. O-O b6 10. Bg5 Bb7 11. Qd2 Qd6 12. Bh6 Rad8 13. Bxg7 Kxg7 14. Qg5 Na5 15. Bd3 Qf6 16. Qg3 c5 17. e5 Qc6 18. f4 cxd4 19. cxd4 f5 20. exf6+ Rxf6 21. f5 Qd6 22. Rf4 e5 23. fxe6 Qe5 24. dxe5 1-0


[Site "https://www.chess.com"]

[Event "Titled Tuesday Blitz August 24 2021"]
[White "Kislov, Oleg"]
[Black "Aradhya, Garg"]
[WhiteFideId "13503774"]
[BlackFideId "25006746"]
[WhiteElo "2548"]
[BlackElo "2729"]
[Result "0-1"]
[Round "11"]
[TimeControl "180+1"]
[Date "2021.08.24"]
[WhiteClock "0:00:02"]
[BlackClock "0:00:12"]

1. e4 e5 2. Nf3 Nc6 3. d4 exd4 4. Nxd4 Nf6 5. Nc3 Bb4 6. Nxc6 bxc6 7. Bd3 O-O 8. O-O Re8 9. Bg5 h6 10. Bh4 Bxc3 11. bxc3 g5 12. Bg3 Nxe4 13. Qh5 Qf6 14. Bxc7 d5 15. Rae1 Bf5 16. Bxe4 dxe4 17. Re3 Qg6 18. Qxg6+ Bxg6 19. g4 Re7 20. Ba5 Rd7 21. Rfe1 Rb8 22. Bb4 Rd5 23. Be7 Rb2 24. f3 Rxc2 25. R3e2 Rxe2 26. Rxe2 exf3 27. Rb2 Kg7 28. Kf2 Be4 29. h4 gxh4 30. Bxh4 Rd3 31. Bg3 Kg6 32. Be5 Kg5 33. Kg3 h5 34. Bf4+ Kg6 35. gxh5+ Kxh5 36. Rh2+ Kg6 37. Be5 Rd1 38. Bd4 a5 39. Kf4 Bd5 40. Rb2 Re1 41. Kg3 Re4 42. Rd2 Kf5 43. Kf2 Rg4 44. Ke3 Re4+ 45. Kd3 Rg4 46. a3 Rg2 47. Rf2 Kf4 48. Be3+ Kg3 49. Rf1 f2 50. c4 Be6 51. Bd4 Kf3 52. Bc5 Bf5+ 53. Kd2 Rh2 54. Bd4 Bh3 55. Bc5 Bxf1 0-1


[Site "https://www.chess.com"]

[Event "Titled Tuesday Blitz August 24 2021"]
[White "Korchmar, Vasiliy"]
[Black "Navalgund, Niranjan"]
[WhiteFideId "24131750"]
[BlackFideId "5030854"]
[WhiteElo "2370"]
[BlackElo "2290"]
[Result "1-0"]
[Round "11"]
[TimeControl "180+1"]
[Date "2021.08.24"]
[WhiteClock "0:00:49"]
[BlackClock "0:01:49"]

1. e4 e5 2. Nf3 Nc6 3. Nc3 Nf6 4. Bb5 Bb4 5. O-O O-O 6. d3 d6 7. Bg5 Bxc3 8. bxc3 Qe7 9. Re1 Nd8 10. d4 Ne6 11. Bc1 c6 12. Bf1 Rd8 13. g3 h6 14. Nh4 c5 15. Nf5 Qf8 16. Qf3 Ng5 17. Nxh6+ gxh6 18. Bxg5 hxg5 19. Qxf6 Be6 20. Qxg5+ Qg7 21. Qxg7+ Kxg7 22. d5 Bd7 23. f4 exf4 24. gxf4 Rh8 25. e5 dxe5 26. fxe5 Rag8 27. Re3 Kf8+ 28. Rg3 Rh5 29. Re1 Rgh8 30. e6 fxe6 31. dxe6 Bc6 32. e7+ Ke8 33. Bd3 Kd7 34. e8=Q+ Rxe8 35. Rxe8 c4 36. Bg6 Rd5 37. Re2 Rd1+ 38. Kf2 Ra1 39. Be4 1-0


[Site "https://www.chess.com"]

[Event "Titled Tuesday Blitz August 24 2021"]
[White "Kovalchuk94"]
[Black "Ivanchuk, Vasyl"]
[BlackFideId "14100010"]
[WhiteElo "2600"]
[BlackElo "2710"]
[Result "0-1"]
[Round "11"]
[TimeControl "180+1"]
[Date "2021.08.24"]
[WhiteClock "0:01:15"]
[BlackClock "0:01:45"]

1. d4 c5 2. d5 g6 3. c4 Nf6 4. Nc3 d6 5. e4 Bg7 6. Be2 O-O 7. Bg5 h6 8. Bf4 e6 9. dxe6 Bxe6 10. Qd2 Qa5 11. Nf3 Nc6 12. O-O Kh7 13. Rad1 Rad8 14. Rfe1 Rfe8 15. Bf1 Ng4 16. Nd5 Qxa2 17. Nc7 Re7 18. Bxd6 Rxc7 19. Bxc7 Rxd2 20. Rxd2 0-1


[Site "https://www.chess.com"]

[Event "Titled Tuesday Blitz August 24 2021"]
[White "Kowalczyk, Pawel"]
[Black "Ibrahimli, Murad"]
[WhiteFideId "1130641"]
[BlackFideId "13410229"]
[WhiteElo "2325"]
[BlackElo "2109"]
[Result "1-0"]
[Round "11"]
[TimeControl "180+1"]
[Date "2021.08.24"]
[WhiteClock "0:01:32"]
[BlackClock "0:00:01"]

1. a3 g6 2. b4 Bg7 3. d4 d5 4. Nf3 Nf6 5. c4 c6 6. cxd5 cxd5 7. Bf4 O-O 8. e3 Bf5 9. Nbd2 Nbd7 10. Nh4 Be6 11. Bd3 a5 12. O-O axb4 13. axb4 Rxa1 14. Qxa1 Qb6 15. b5 Nh5 16. Bg3 Nxg3 17. hxg3 f6 18. Rc1 Bf7 19. Nb3 e5 20. Qa5 e4 21. Be2 Qe6 22. g4 Rb8 23. Qc7 b6 24. Rc6 Qe8 25. Rd6 Be6 26. f4 exf3 27. Bxf3 Bf8 28. Rc6 Bf7 29. Kf2 Bh6 30. Rc3 Ra8 31. Nc1 Bg5 32. g3 Ra1 33. Ne2 Rb1 34. Qc6 Qe6 35. Ng2 Qe7 36. Ngf4 Qb4 37. Qxd7 1-0


[Site "https://www.chess.com"]

[Event "Titled Tuesday Blitz August 24 2021"]
[White "Krysa, Leandro"]
[Black "Helin, Mikael"]
[WhiteFideId "116807"]
[BlackFideId "1703838"]
[WhiteElo "2490"]
[BlackElo "1893"]
[Result "1-0"]
[Round "11"]
[TimeControl "180+1"]
[Date "2021.08.24"]
[WhiteClock "0:02:15"]
[BlackClock "0:01:28"]

1. e4 d6 2. d4 Nf6 3. Nc3 Nbd7 4. g4 d5 5. e5 Ne4 6. Nxd5 c6 7. Ne3 Nb6 8. Bg2 f5 9. gxf5 Ng5 10. Qh5+ Nf7 11. e6 g6 12. exf7+ Kd7 13. fxg6 Kc7 14. Qe5+ Qd6 15. Qxh8 hxg6 16. Qxf8 Nd5 17. Bxd5 cxd5 18. Nf3 b6 19. Ne5 Qb4+ 20. c3 Qb5 21. Qxe7+ Kb8 22. f8=Q 1-0


[Site "https://www.chess.com"]

[Event "Titled Tuesday Blitz August 24 2021"]
[White "Labussiere, Yago"]
[Black "Golubev, Mikhail"]
[WhiteFideId "2186969"]
[BlackFideId "14100983"]
[WhiteElo "1857"]
[BlackElo "2374"]
[Result "0-1"]
[Round "11"]
[TimeControl "180+1"]
[Date "2021.08.24"]
[WhiteClock "0:00:02"]
[BlackClock "0:00:28"]

1. c4 g6 2. Nc3 Bg7 3. d4 d6 4. Nf3 Nf6 5. e4 O-O 6. Be2 e5 7. d5 Qe8 8. O-O Nh5 9. Ne1 Nf4 10. Bf3 f5 11. Nd3 Nxd3 12. Qxd3 Na6 13. Be3 f4 14. Bd2 g5 15. Qe2 Rf6 16. Bg4 Bxg4 17. Qxg4 h5 18. Qxg5 Qf7 19. f3 Rg6 20. Qf5 Rf6 21. Qh3 Kh7 22. Kh1 Rg8 23. Rg1 Nc5 24. Raf1 Nd3 25. b3 Bf8 26. Nd1 Be7 27. Nf2 Nc5 28. b4 Na4 29. Nd3 Nb6 30. Nb2 Rh6 31. g3 h4 32. gxf4 Rxg1+ 33. Rxg1 exf4 34. Rg4 Qf6 35. Rxf4 Qxb2 36. Rf7+ Kg8 37. Rxe7 Qa1+ 38. Kg2 Rg6+ 39. Kf2 Qg1+ 40. Ke2 Rg2+ 41. Kd3 Qf1+ 42. Kc2 Rxd2+ 43. Kxd2 Qxh3 0-1


[Site "https://www.chess.com"]

[Event "Titled Tuesday Blitz August 24 2021"]
[White "Laurusas, Tomas"]
[Black "Baches Garcia, Guillermo"]
[WhiteFideId "12803731"]
[BlackFideId "2209764"]
[WhiteElo "2542"]
[BlackElo "2502"]
[Result "0-1"]
[Round "11"]
[TimeControl "180+1"]
[Date "2021.08.24"]
[WhiteClock "0:00:20"]
[BlackClock "0:00:12"]

1. d4 Nf6 2. c4 e6 3. Nc3 Bb4 4. e3 O-O 5. Bd2 d5 6. Rc1 b6 7. cxd5 exd5 8. Nf3 Re8 9. Be2 Bb7 10. O-O Bf8 11. Ne5 c5 12. Bb5 Re6 13. f4 Nc6 14. Kh1 cxd4 15. Bxc6 Bxc6 16. exd4 Bb7 17. f5 Re8 18. Bg5 Be7 19. Nb5 Rc8 20. Nxa7 Rxc1 21. Qxc1 Ne4 22. Bxe7 Qxe7 23. Nb5 Qh4 24. Kg1 Ba6 25. Qc6 Bxb5 26. Qxd5 Ng5 27. f6 Bxf1 28. Qd7 Rf8 29. fxg7 Kxg7 30. Kxf1 Qf4+ 31. Ke2 Qe4+ 32. Kd2 Ne6 33. Nf3 Rd8 34. Qe7 Rxd4+ 35. Nxd4 Qxd4+ 36. Kc2 Qc5+ 37. Kb1 Qxe7 0-1


[Site "https://www.chess.com"]

[Event "Titled Tuesday Blitz August 24 2021"]
[White "Lazavik, Denis"]
[Black "Krivonosov, Oleg"]
[WhiteFideId "13515110"]
[BlackFideId "11600349"]
[WhiteElo "2436"]
[BlackElo "2469"]
[Result "0-1"]
[Round "11"]
[TimeControl "180+1"]
[Date "2021.08.24"]
[WhiteClock "0:00:02"]
[BlackClock "0:00:11"]

1. d4 d5 2. c4 e6 3. Nc3 Be7 4. Nf3 Nf6 5. Bg5 Nbd7 6. e3 h6 7. Bh4 O-O 8. Rc1 c5 9. dxc5 Nxc5 10. cxd5 g5 11. Bg3 Nxd5 12. Nxd5 Qxd5 13. Qxd5 exd5 14. Be2 Bd7 15. O-O Rac8 16. Rfd1 Be6 17. Nd4 Ne4 18. Be5 Bf6 19. Bxf6 Nxf6 20. f3 a6 21. Kf2 Rfe8 22. Bd3 Kf8 23. Ke2 Ke7 24. Kd2 Nd7 25. Rxc8 Rxc8 26. b3 Ne5 27. Bb1 Nc6 28. Ne2 Rd8 29. Kc3 Rc8 30. Kb2 Rd8 31. Nd4 Nxd4 32. Rxd4 a5 33. b4 b6 34. Bd3 Rb8 35. Kc3 Rc8+ 36. Kd2 Ra8 37. b5 Rc8 38. a4 Rc5 39. Bc2 Kf6 40. Bb3 Ke7 41. h4 Kf6 42. hxg5+ hxg5 43. f4 Kf5 44. Bc2+ Kf6 45. Bd3 Rc8 46. Be2 Rc5 47. g4 Bc8 48. Bf3 Bb7 49. Bg2 Kg6 50. Bf1 Kf6 51. Be2 Kg6 52. Bd3+ Kf6 53. Bf5 Ba8 54. Rd3 Bb7 55. Rc3 gxf4 56. exf4 d4 57. Rxc5 bxc5 58. Bd3 Bd5 59. b6 Ke7 60. g5 Kd6 61. f5 Kc6 62. g6 fxg6 63. fxg6 Kxb6 64. g7 Bg8 65. Kc2 Kc7 66. Be4 Kd6 67. Kd3 Ke5 68. Bc6 c4+ 69. Kd2 c3+ 70. Kd3 Bh7+ 71. Ke2 d3+ 72. Ke3 d2 73. Bf3 Kf6 74. Bd1 Kxg7 75. Bb3 Kf6 76. Kd4 c2 0-1


[Site "https://www.chess.com"]

[Event "Titled Tuesday Blitz August 24 2021"]
[White "Liyanage, Ranindu Dilshan"]
[Black "Urazayev, Arystanbek"]
[WhiteFideId "9915834"]
[BlackFideId "13709810"]
[WhiteElo "1839"]
[BlackElo "2321"]
[Result "0-1"]
[Round "11"]
[TimeControl "180+1"]
[Date "2021.08.24"]
[WhiteClock "0:00:42"]
[BlackClock "0:01:57"]

1. e4 c5 2. Nf3 d6 3. d4 cxd4 4. Nxd4 Nf6 5. Nc3 a6 6. Be3 e5 7. Nde2 Be6 8. Ng3 d5 9. exd5 Nxd5 10. Nxd5 Bxd5 11. c4 Bb4+ 12. Bd2 Bxd2+ 13. Qxd2 Be6 14. Qxd8+ Kxd8 15. O-O-O Ke7 16. Ne4 Nc6 17. Bd3 f6 18. Nc5 Rab8 19. Nxe6 Kxe6 20. Be4 Nd4 21. Bd5+ Kd6 22. Rhe1 g5 23. Rxd4 exd4 24. Re6+ Kd7 25. Rxf6 Rhf8 26. Rh6 Rxf2 27. Rxh7+ Kd6 28. Rh6+ Kc5 29. Re6 Rh8 30. h3 g4 31. a3 d3 32. Re3 gxh3 33. gxh3 d2+ 34. Kd1 b5 35. b4+ Kd4 36. Re4+ Kd3 0-1


[Site "https://www.chess.com"]

[Event "Titled Tuesday Blitz August 24 2021"]
[White "Loy, Konstantin"]
[Black "Skliarov, Viktor"]
[WhiteFideId "14122499"]
[BlackFideId "14106736"]
[WhiteElo "2084"]
[BlackElo "2281"]
[Result "0-1"]
[Round "11"]
[TimeControl "180+1"]
[Date "2021.08.24"]
[WhiteClock "0:00:15"]
[BlackClock "0:00:24"]

1. e4 c5 2. Nf3 Nc6 3. Nc3 Nf6 4. d4 cxd4 5. Nxd4 e5 6. Ndb5 d6 7. Bg5 a6 8. Na3 b5 9. Nd5 Be7 10. Bxf6 Bxf6 11. c4 b4 12. Nc2 Rb8 13. b3 O-O 14. g3 Bg5 15. Bg2 Be6 16. O-O Bxd5 17. Qxd5 Qb6 18. Rad1 Rfd8 19. Kh1 a5 20. f4 Bf6 21. Qd3 a4 22. Ne3 exf4 23. gxf4 axb3 24. axb3 Ne7 25. Nd5 Nxd5 26. Qxd5 h6 27. Rd3 Ra8 28. Qf5 Ra5 29. Rd5 Rxd5 30. Qxd5 Qe3 31. Rf3 Qe1+ 32. Rf1 Qc3 33. Rf3 Qc2 34. Qd3 Qb2 35. Rf1 Ra8 36. Qxd6 Ra2 37. Rg1 Bd4 0-1


[Site "https://www.chess.com"]

[Event "Titled Tuesday Blitz August 24 2021"]
[White "Makhnev, Denis"]
[Black "Maltsevskaya, Aleksandra"]
[WhiteFideId "13707647"]
[BlackFideId "24174041"]
[WhiteElo "2537"]
[BlackElo "2225"]
[Result "0-1"]
[Round "11"]
[TimeControl "180+1"]
[Date "2021.08.24"]
[WhiteClock "0:00:13"]
[BlackClock "0:00:08"]

1. Nf3 Nf6 2. c4 g6 3. Nc3 Bg7 4. g3 d6 5. Bg2 O-O 6. O-O Nbd7 7. Rb1 e5 8. b4 a5 9. a3 Re8 10. e4 Nb6 11. d3 axb4 12. axb4 Bg4 13. h3 Bxf3 14. Bxf3 Nfd7 15. Be3 Nc8 16. Ra1 Ne7 17. Qb3 Nf8 18. Rxa8 Qxa8 19. Nd5 Ne6 20. Qb2 c6 21. Nxe7+ Rxe7 22. Ra1 Qf8 23. Qa3 Re8 24. Qa7 Qe7 25. Qb6 f5 26. exf5 gxf5 27. Ra7 f4 28. Rxb7 Qg5 29. Qxc6 Rf8 30. Bd2 Nd4 31. Qd5+ Kh8 32. Kg2 Qg6 33. Be4 Qf6 34. g4 f3+ 35. Kh2 Qh4 36. Be3 Nc2 37. Rxg7 Nxe3 38. Rxh7+ Qxh7 39. fxe3 f2 40. Bxh7 Kxh7 41. Qe4+ Kg7 42. Qb7+ Kh8 43. Qe7 f1=Q 44. Qh4+ Kg7 45. Qg5+ Kf7 46. Kg3 Qe1+ 47. Kf3 Ke6+ 0-1


[Site "https://www.chess.com"]

[Event "Titled Tuesday Blitz August 24 2021"]
[White "Maksimovic, Bojan"]
[Black "Demchenko, Anton"]
[WhiteFideId "14408120"]
[BlackFideId "4160258"]
[WhiteElo "2439"]
[BlackElo "2583"]
[Result "1/2-1/2"]
[Round "11"]
[TimeControl "180+1"]
[Date "2021.08.24"]
[WhiteClock "0:00:11"]
[BlackClock "0:00:04"]

1. e4 e5 2. Nf3 Nc6 3. Bb5 a6 4. Ba4 Nge7 5. Nc3 d6 6. d4 b5 7. Bb3 Nxd4 8. Nxd4 exd4 9. Qf3 Be6 10. Nd5 c6 11. Nf4 Bxb3 12. axb3 g6 13. h4 h6 14. b4 Bg7 15. O-O O-O 16. Nd3 f5 17. h5 g5 18. exf5 Rxf5 19. Qe4 Qd7 20. Bd2 Nd5 21. Rfe1 Nf6 22. Qe6+ Qxe6 23. Rxe6 Bf8 24. f3 Kf7 25. Ree1 g4 26. fxg4 Nxg4 27. c3 dxc3 28. Bxc3 Rxh5 29. Rf1+ Kg8 30. Rae1 c5 31. Re6 Kh7 32. Rf7+ Kg8 33. Rc7 Rg5 34. Nf4 cxb4 35. Bxb4 d5 36. Bc3 Rd8 37. Nh3 Bd6 38. Nxg5 Bxc7 39. Rg6+ Kf8 40. Nh7+ Kf7 41. Rxg4 Bb6+ 42. Kh2 d4 43. Bd2 Rd6 44. Rf4+ Kg7 45. Nf8 Bc7 46. Kh3 Rc6 47. Rf2 a5 48. Nd7 a4 49. Bf4 Bxf4 50. Rxf4 Rd6 51. Ne5 b4 52. Nd3 a3 53. bxa3 bxa3 54. Rf2 Rc6 55. Ra2 Rc3 56. Rd2 a2 57. Rxa2 Rxd3+ 58. Kg4 Re3 59. Ra8 Re7 60. Rd8 Re4+ 61. Kf5 Rh4 62. Rd7+ Kf8 63. g4 h5 64. Rxd4 Rxg4 65. Rxg4 hxg4 66. Kxg4 1/2-1/2


[Site "https://www.chess.com"]